 Dungeon Crawl Stone Soup version 0.31-a0-344-gd109795599 (webtiles) character file.

Game seed: 17246417539778917225

145 Flugkiller the Insei (level 5, 0/35 HPs)
             Began as an Octopode Shapeshifter on July 21, 2023.
             Constricted to death by Ijyb (5 damage)
             ... on level 3 of the Dungeon.
             The game lasted 00:02:12 (1735 turns).

Flugkiller the Insei (Octopode Shapeshifter)        Turns: 1735, Time: 00:02:13

Health: 0/35       AC:  1    Str: 14    XL:     5   Next: 27%
Magic:  5/5        EV: 11    Int: 11    God:
Gold:   55         SH:  0    Dex: 14    Spells: 4/4 levels left

rFire   . .          .
                       - Unarmed
rCold   . . .        (no shield)
rNeg    . . .        (helmet currently unavailable)
rPois   .            (no amulet)
rElec   .            i - ring of see invisible
rCorr   .            (no ring)
SInv    +            (no ring)
Will    .....        (no ring)
Stlth   ++           (no ring)
HPRegen 0.25/turn    (no ring)
MPRegen 0.09/turn    (no ring)
                     (no ring)

%: no passive effects
@: beast-form, grasped by roots, constricted
A: beast (slay +2), almost no armour, amphibious, 8 rings, camouflage 1,
gelatinous body 1, (nimble swimmer 1), tentacles
a: Begin Untransformation


You were on level 3 of the Dungeon.
You were a hulking beast.
You visited 1 branch of the dungeon, and saw 3 of its levels.
You also visited: Sewer.

You collected 55 gold pieces.

Inventory:

Jewellery
 i - a ring of see invisible (left tentacle)
   (You found it in a sewer)
 j - an amulet of faith
   (You found it on level 3 of the Dungeon)
Talismans
 b - a beast talisman
 g - a maw talisman
   (You found it on level 1 of the Dungeon)
Scrolls
 c - a scroll of vulnerability
 k - a scroll of enchant armour {unknown}
 l - 2 scrolls of fear {unknown}
 t - a scroll of teleportation
 z - a scroll of blinking
Potions
 d - a potion of might
 e - a potion of attraction {unknown}
 f - a potion of lignification
 h - a potion of heal wounds {unknown}
 m - a potion of mutation {unknown}


   Skills:
 + Level 2.5 Fighting
 + Level 3.1 Dodging
 + Level 3.9 Unarmed Combat
 + Level 3.5 Shapeshifting


You had 4 spell levels left.
You didn't know any spells.
Your spell library was empty.

Dungeon Overview and Level Annotations

Branches:
Dungeon (3/15) Zot: 16526   Sewer (visited)

Altars:
The Shining One

Annotations:
D:3 Ijyb


Innate Abilities, Weirdness & Mutations

You are a hulking beast.
Your limbs bulge with bestial killing power. (Slay +2)
You cannot wear most types of armour.
You are amphibious.
You can wear up to eight rings at the same time.
Your skin changes colour to match your surroundings (Stealth+).
Your rubbery body absorbs attacks. (AC +1, EV +1)
((You are camouflaged when in or above water. (Stealth+)))
You have tentacles for arms and can constrict up to eight enemies at once.


Message History

Done exploring.
Done exploring.
Done exploring.
You enter the shallow water.
You see here a jackal skeleton.
You see here a jackal skeleton.
There is a gate leading back out of this place here.
Welcome back to the Dungeon!
There is a collapsed entrance here.
As you read the scroll of identify, it crumbles to dust.
a - a scroll of teleportation;
t - a scroll of teleportation
As you read the scroll of identify, it crumbles to dust.
c - a scroll of vulnerability Unknown command.
You enter the shallow water.
Found a dagger.
Found an escape hatch in the floor.
There is an escape hatch in the floor here.
You open the door.
A jackal comes into view.
The jackal barks!
You hear a bark!
You hear a shout!
A jackal comes into view.
There are monsters nearby!
There are monsters nearby!
There is an open door here.
You tentacle-slap the jackal. Your grab misses the jackal.
Your tentacle-slap misses the jackal.
The jackal is heavily wounded.
The jackal closely misses you.
You completely miss the jackal. You grab the jackal. You squeeze the jackal.
You kill the jackal!
You closely miss the jackal. You grab the jackal. You constrict the jackal.
The jackal bites you.
You tentacle-slap the jackal.
You tentacle-slap the jackal, but do no damage.
You squeeze the jackal.
You kill the jackal!
No target in view!
You see here a jackal corpse.
No target in view!
A goblin and a jackal come into view.
The jackal barks!
There are monsters nearby!
There are monsters nearby!
You see here a jackal corpse.
There is an open door here.
A jackal comes into view.
The jackal barely misses you. The jackal misses you.
You tentacle-slap the jackal. Your grab misses the jackal.
The jackal is moderately wounded.
The jackal misses you.
You tentacle-slap the jackal. You grab the jackal. You squeeze the jackal.
You kill the jackal!
You tentacle-slap the goblin.
You kill the goblin!
You barely miss the jackal. You grab the jackal.
You constrict the jackal, but do no damage.
The jackal bites you.
You tentacle-slap the jackal.
You kill the jackal!
No target in view!
Items here: ) †††.
No target in view!
HP restored.
Found a stone staircase leading down.
You enter the shallow water.
You open the door.
There is an open door here.
Ijyb the Twisted Goblin comes into view.
She is wielding a +0 dagger of speed and carrying a wand of roots.
Ijyb is nearby!
Ijyb shouts!
Okay, then.
You miss Ijyb. Your grab misses Ijyb.
Ijyb grins evilly.
Ijyb zaps a wand.
The roots erupt in riotous growth!
The grasping roots grab you!
Ijyb is unaffected.
The grasping roots constrict you.
You hear a shout!
You tentacle-slap Ijyb. You grab Ijyb.
Ijyb is moderately wounded.
You constrict Ijyb, but do no damage.
Ijyb screams, "You nasty!
Big nasty!"
Ijyb hits you with a +0 dagger of speed.
The grasping roots constrict you.
You tentacle-slap Ijyb.
Ijyb is moderately wounded.
You constrict Ijyb. Ijyb barely misses you. The grasping roots constrict you.
You tentacle-slap Ijyb.
Ijyb is severely wounded.
You constrict Ijyb.
Ijyb hits you with a +0 dagger of speed.
The grasping roots constrict you.
* * * LOW HITPOINT WARNING * * *
Ijyb misses you. The grasping roots constrict you.
* * * LOW HITPOINT WARNING * * *
You tentacle-slap Ijyb but do no damage.
Ijyb is severely wounded.
You constrict Ijyb. Ijyb closely misses you. The grasping roots constrict you.
You die...

#..÷~~.÷.~.~≈.......##
##.###.
###.≈~...~.~~......##
#.###.
#.~≈.....~~.#...##
#.##..
#.##~~.~~##.##'##
#.##.#
#.##~~.~≈##.##.#
#.....
#...........##.#
####.#
#####..#######.## #.#
#.## ##...## #.#
#h....# ### ##g..##
.#.## ..#.# .....
####.## .#


You could see Ijyb.

Vanquished Creatures
  Pargi (Sewer)
  3 ball pythons
  6 endoplasms
  5 goblins
  4 hobgoblins
  9 jackals
  2 kobolds (D:1)
  2 quokkas (D:1)
  7 bats
  3 frilled lizards
42 creatures vanquished.

Notes
Turn   | Place    | Note
-------+----------+-------------------------------------------
     0 | D:1      | Flugkiller the Octopode Shapeshifter began the quest for
                  | the Orb.
     0 | D:1      | Reached XP level 1. HP: 13/13 MP: 1/1
    44 | D:1      | Found a faded altar of an unknown god.
    73 | D:1      | Reached XP level 2. HP: 9/18 MP: 2/2
   879 | D:2      | Reached XP level 3. HP: 24/24 MP: 3/3
  1144 | D:2      | Found a glowing golden altar of the Shining One.
  1303 | D:3      | Found a glowing drain.
  1327 | Sewer    | Entered a sewer
  1414 | Sewer    | Noticed Pargi
  1449 | Sewer    | Killed Pargi
  1450 | Sewer    | Reached XP level 4. HP: 30/30 MP: 4/4
  1450 | Sewer    | Reached XP level 5. HP: 35/35 MP: 5/5
  1727 | D:3      | Noticed Ijyb
  1735 | D:3      | Constricted to death by Ijyb

Illustrated notes

Levels and vault maps discovered:
D:1:      ncdulo_watergridlock, layout_basic, chequers_ecumenical_altar_twisty,
          kennysheep_flooded_box
D:2:      layout_basic, basic_altar, solitary_fountain,
          chequers_serial_rivers_micro_b, feat_on_display
D:3:      layout_loops_corners, overflow_temple_1_default,
          nicolae_ru_path_of_blood, cheibrodos_sewer_entry_sluice,
          roderic_serpentine_path, minmay_misc_feat_doors, uniq_terence,
          uniq_ijyb

Skill      XL: |  1  2  3 |
---------------+----------+-----
Fighting       | 2 |  2.5
Dodging        | 3 |  3.1
Unarmed Combat | |  3.9
Shapeshifting  | |  3.5

Action                     |  1- 3 |  4- 6 || total
---------------------------+-------+-------++-------
  Melee: Unarmed           |    67 |    14 ||    81
         Constrict         |    15 |     5 ||    20
         Tentacles         |     9 |     3 ||    12
         Punch             |     2 |     1 ||     3
    Use: Scroll            |     2 |     2 ||     4
         Potion            |     2 |       ||     2
   Stab: Sleeping          |     6 |       ||     6
 Armour: Skin              |    13 |       ||    13
  Dodge: Dodged            |    44 |     7 ||    51

Table legend: (Time is in decaauts)
 A = Elapsed time spent in this place.
 B = Non-inter-level travel time spent in this place.
 C = Inter-level travel time spent in this place.
 D = Time resting spent in this place.
 E = Time spent auto-exploring this place.
 F = Levels seen in this place.
 G = Mean time per level.
                   A        B        C        D        E       F      G
               +--------+--------+--------+--------+--------+-----+--------+
         Total |   1727 |   1634 |     93 |    172 |   1141 |   4 |  431.8 |
       Dungeon |   1472 |   1379 |     93 |     65 |   1080 |   3 |  490.7 |
         Sewer |    255 |    255 |      0 |    107 |     61 |   1 |  255.0 |
               +--------+--------+--------+--------+--------+-----+--------+

Top non-repeatable levels by time:
     D:1: 848 daAuts
     D:2: 433 daAuts
   Sewer: 255 daAuts
     D:3: 190 daAuts
